 Dungeon Crawl Stone Soup version 0.28.0-53-g5a82cb258f (webtiles) character file.

Game seed: 4258514853819573784

46 LynnLen the Sneak (level 3, 0/20 HPs)
             Began as a Vampire Enchanter on Aug 16, 2022.
             Killed from afar by Natasha (9 damage)
             ... with a puff of flame
             ... on level 2 of the Dungeon.
             The game lasted 00:04:47 (1699 turns).

LynnLen the Sneak (Vampire Enchanter)               Turns: 1699, Time: 00:04:47

Health: 0/20       AC:  2    Str:  7    XL:     3   Next: 46%
Magic:  6/6        EV: 12    Int: 17    God:
Gold:   43         SH:  0    Dex: 16    Spells: 6/6 levels left

rFire   . . .      SeeInvis +   a - +1 dagger
rCold   + + .      Faith    .   (no shield)
rNeg    + + +      Spirit   .   b - +0 robe
rPois   ∞          Reflect  .   (no helmet)
rElec   .          Harm     .   (no cloak)
rCorr   .          Rampage  .   (no gloves)
Will    .....                   (no boots)
Stlth   +++++.....              (no amulet)
HPRegen 0.00/turn               (no ring)
MPRegen 0.10/turn               (no ring)

@: bloodless, inhibited regen
A: bloodless, fangs 3, see invisible, vampiric 2
a: Bat Form, Revivify


You were on level 2 of the Dungeon.
You visited 1 branch of the dungeon, and saw 3 of its levels.

You collected 43 gold pieces.

Inventory:

Hand Weapons
 a - a +1 dagger (weapon)
 i - a +0 short sword of draining
Missiles
 d - 19 sling bullets
 e - 30 stones (quivered)
 h - 4 datura-tipped darts
Armour
 b - a +0 robe (worn)
Jewellery
 g - a +6 ring of dexterity
Scrolls
 c - a scroll of identify
Potions
 f - a potion of resistance {unknown}


   Skills:
 + Level 1.1 Fighting
 * Level 2.8 Short Blades
 - Level 2.1 Dodging
 + Level 5.1 Stealth
 - Level 2.0 Spellcasting
 - Level 4.4 Hexes


You had 6 spell levels left.
You didn't know any spells.
Your spell library contained the following spells:

 Spells                   Type           Power      Damage    Failure   Level
 Confusing Touch          Hex            16%        N/A       10%         3
 Tukima's Dance           Hex            16%        N/A       10%         3
 Ensorcelled Hibernation  Hex/Ice        18%        N/A       12%         2
 Dazzling Flash           Conj/Hex       18%        N/A       24%         3
 Scorch                   Fire           2%         2d5       28%         2
 Flame Wave               Conj/Fire      1%         2d4       88%         4
 Summon Cactus Giant      Summ           0%         N/A       100%        6


Dungeon Overview and Level Annotations

Branches:
Dungeon (3/15)

Altars:
Gozag

Annotations:
D:2 Natasha


Innate Abilities, Weirdness & Mutations

You do not regenerate when monsters are visible.
You are frail without blood (-20% HP).
You can heal yourself when you bite living creatures.
You are immune to poison.
You have razor-sharp teeth.
You have supernaturally acute eyesight. (SInv)
You are afflicted with vampirism and can become a bat while bloodless.


Message History

You closely miss the giant cockroach. The giant cockroach barely misses you.
You barely miss the giant cockroach. The giant cockroach barely misses you.
You hit the giant cockroach but do no damage.
You bite the giant cockroach.
The giant cockroach is lightly wounded.
The giant cockroach bites you.
You hit the giant cockroach but do no damage.
The giant cockroach is lightly wounded.
The giant cockroach bites you but does no damage.
The giant cockroach closely misses you.
You barely miss the giant cockroach.
The giant cockroach is lightly wounded.
The giant cockroach bites you.
You hit the giant cockroach.
The giant cockroach is heavily wounded.
The giant cockroach barely misses you.
You hit the giant cockroach. You bite the giant cockroach.
You kill the giant cockroach!
The goblin shouts!
The goblin barely misses you.
You hit the goblin.
The goblin is heavily wounded.
The goblin hits you with a +0 club.
You hit the goblin.
You kill the goblin!
You see here a +0 club.
Found 5 gold pieces.
f - a metallic dark potion Natasha, Servant of Life and Death comes into view.
She is carrying a wand of flame (10).
Natasha hisses angrily.
Natasha casts a spell.
You see here 5 gold pieces.
Natasha zaps a wand.
The puff of flame hits you!
Okay, then.
Natasha drinks a potion.
Natasha's spells are empowered!
Natasha mumbles some strange words.
Natasha shimmers violently.
Natasha casts a spell.
Natasha zaps a wand.
The puff of flame hits you!
You die...

...#.............
..#......_.......
................##+####
#.....................#
#####..#.............h....#
.....#.#........##...5....#
......>#........##........#
.......#..................#
.......##.......@..5......#
..............#..........#
.##................$.....#
.##............###.......#
.##.......†.)..# ###.....#
###.....#......# #.#.###
#.....#......# #.#...
#.....######## ..####.
####### ### #


You could see Natasha (empowered), a crimson imp (summoned) and a shadow imp
(summoned).

Vanquished Creatures
  An adder (D:2)
  2 dart slugs
  2 ball pythons (D:1)
  5 endoplasms
  2 giant cockroaches
  2 goblins
  3 hobgoblins
  A jackal (D:3)
  2 quokkas
  4 kobolds (D:1)
  5 rats
29 creatures vanquished.

Notes
Turn   | Place    | Note
-------+----------+-------------------------------------------
     0 | D:1      | LynnLen the Vampire Enchanter began the quest for the Orb.
     0 | D:1      | Reached XP level 1. HP: 13/13 MP: 3/3
   271 | D:1      | Reached XP level 2. HP: 20/20 MP: 5/5
  1015 | D:1      | Found a faded altar of an unknown god.
  1185 | D:2      | Reached skill level 1 in Fighting
  1185 | D:2      | Reached skill level 5 in Stealth
  1185 | D:2      | Gained mutation: You are afflicted with vampirism and can
                  | become a bat while bloodless. [Vampire growth]
  1185 | D:2      | Reached XP level 3. HP: 26/26 MP: 6/6
  1250 | D:3      | HP: 1/20 [jackal (2)]
  1655 | D:2      | Found an opulent altar of Gozag.
  1691 | D:2      | Noticed Natasha
  1699 | D:2      | Killed from afar by Natasha

Illustrated notes

Levels and vault maps discovered:
D:1:      scummos_arrival_checkerplants, layout_basic,
          shapermc_ecumenical_altar_petra
D:2:      layout_basic, basic_altar, uniq_natasha, uniq_sigmund
D:3:      layout_basic, minmay_misc_feat_tower, kennysheep_jessica_study

Skill      XL: |  1  2 |
---------------+-------+-----
Short Blades   | 2 |  2.8
Fighting       | 1 |  1.1
Stealth        | 5 |  5.1
Dodging        | |  2.1
Spellcasting   | |  2.0
Hexes          | |  4.4

Action                   || total
-------------------------++-------
Melee: Dagger            ||   103
       Bite              ||    11
       Punch             ||     1
 Abil: Exsanguinate      ||     1
  Use: Scroll            ||     2
       Potion            ||     1
 Stab: Sleeping          ||     8
       Invisible         ||     1
Armor: Robe              ||    12
Dodge: Dodged            ||    53
